 Dungeon Crawl Stone Soup version 0.23.2-11-gf996548c65 (webtiles) character file.

Game seed: 2204341767684518161

580 MalarOregon the Grave Robber (level 7, 0/50 HPs)
             Began as a Ghoul Necromancer on June 4, 2019.
             Killed by divine providence
             ... invoked by an orc priest
              (13 damage)
             ... on level 5 of the Dungeon.
             The game lasted 00:14:44 (4430 turns).

MalarOregon the Grave Robber (Ghoul Necromancer)    Turns: 4430, Time: 00:14:45

Health: 0/50       AC:  5    Str: 12    XL:     7   Next: 36%
Magic:  2/11       EV: 13    Int: 12    God:
Gold:   240        SH:  0    Dex:  9    Spells: 4/13 levels left

rFire    . . .     SeeInvis .   (no weapon)
rCold    + . .     Gourm    .   (no shield)
rNeg     + + +     Faith    .   a - +0 robe
rPois    ∞         Spirit   .   (no helmet)
rElec    .         Reflect  .   (no cloak)
rCorr    .         Harm     .   (no gloves)
MR       .....                  f - +2 pair of boots
Stlth    +++.......             (no amulet)
HPRegen  0.00/turn              (no ring)
MPRegen  0.12/turn              (no ring)

@: very slightly contaminated, rotting
A: rotting body, claws 1, carnivore, cold resistance 1, negative energy
resistance 3, inhibited regeneration, torment resistance, unbreathing
a: no special abilities


You were on level 5 of the Dungeon.
You were not hungry.

You visited 1 branch of the dungeon, and saw 5 of its levels.

You collected 240 gold pieces.

Inventory:

Armour
 a - a +0 robe (worn)
 f - a +2 pair of boots (worn)
   (You found it on level 1 of the Dungeon)
Scrolls
 b - 2 scrolls of remove curse {@r2}
 g - 2 scrolls of identify {@r1}
Potions
 c - 2 potions of brilliance
 j - a potion of flight
Comestibles
 e - 7 rations {!d}


   Skills:
 + Level 3.9 Dodging
 + Level 5.0 Stealth
 + Level 3.5 Spellcasting
 + Level 5.5 Necromancy


You had 4 spell levels left.
You knew the following spells:

 Your Spells              Type           Power        Failure   Level  Hunger
a - Pain                  Necr           ###.         2%          1    #......
b - Animate Dead          Necr           N/A          24%         4    #####..
q - Vampiric Draining     Necr           ###.......   7%          3    ###....
u - Animate Skeleton      Necr           N/A          2%          1    #......

Your spell library contained the following spells:

 Spells                   Type           Power        Failure   Level  Hunger
 Regeneration             Chrm/Necr      #.........   22%         3    ###....


Dungeon Overview and Level Annotations

Branches:
Dungeon (5/15)             Temple (0/1) D:5

Altars:
Qazlal

Annotations:
D:2 Purgy


Innate Abilities, Weirdness & Mutations

Your body is rotting away.
You thrive on raw meat.
You are immune to poison.
You have sharp fingernails.
You are carnivorous and can eat meat at any time.
Your flesh is cold resistant. (rC+)
You are immune to negative energy. (rN+++)
You do not regenerate when monsters are visible.
You are immune to unholy pain and torment.
You can survive without breathing.


Message History

You scratch the orc but do no damage. The orc misses you.
You closely miss the orc. The orc closely misses you.
The orc priest invokes the aid of Beogh against you.
Beogh smites you!
* * * LOW HITPOINT WARNING * * *
You hear a shout!
Aim: an orc, wielding a +0 whip and wearing a +0 scale mail (almost dead)
You miscast Vampiric Draining.
You are very lightly contaminated with residual magic.
You feel very uncomfortable. The orc hits you with a +0 whip.
* * * LOW HITPOINT WARNING * * *
Aim: an orc, wielding a +0 whip and wearing a +0 scale mail (almost dead)
You miscast Vampiric Draining.
Nothing appears to happen.
The orc hits you with a +0 whip.
* * * LOW HITPOINT WARNING * * *
You feel much better. The orc hits you but does no damage.
The orc priest mumbles some strange prayers to Beogh against you.
Beogh smites you!
* * * LOW HITPOINT WARNING * * *
You scratch the orc but do no damage. The orc hits you with a +0 whip.
* * * LOW HITPOINT WARNING * * *
You scratch the orc but do no damage. The orc barely misses you.
You scratch the orc.
You kill the orc!
A crimson imp comes into view.
You scratch the orc priest but do no damage.
The crimson imp blinks!
The orc priest barely misses you.
You barely miss the orc priest.
The crimson imp blinks!
The orc priest misses you.
You closely miss the orc priest. The orc priest closely misses you.
Okay, then.
Okay, then.
You closely miss the orc priest. The crimson imp barely misses you.
The orc priest casts a cantrip, but nothing happens.
You closely miss the orc priest. The crimson imp misses you.
The orc priest closely misses you.
You closely miss the orc priest. The crimson imp completely misses you.
The orc priest closely misses you.
You barely miss the orc priest. The crimson imp misses you.
The orc priest hits you but does no damage.
You closely miss the orc priest. The crimson imp closely misses you.
The orc priest barely misses you.
You scratch the orc priest but do no damage.
The crimson imp closely misses you.
The orc priest hits you but does no damage.
You closely miss the orc priest.
The crimson imp hits you but does no damage.
The orc priest calls down the wrath of Beogh upon you.
Beogh smites you!
You die...

#......##.##.#.......
#.#.##(##.##.#...#.###
#.#.(..##.##.#...#.#
#.#..#.##.##.#.... #
#.#..#.##.##.. ...
#)........#######
####.#####......# ...#
#5###!..? ##### #@# #
#o# #l# #.# ... ##( .
.#


You could see an orc priest, a crimson imp and a frilled lizard.

Vanquished Creatures
  2 centaurs
  A howler monkey (D:4)
  4 orc wizards
  3 orc priests
  A hound (D:4)
  2 worker ants
  An iguana (D:4)
  2 adders (D:5)
  An adder skeleton (D:5)
  A dart slug (D:2)
  2 leopard geckos (D:2)
  10 orcs
  2 ball pythons
  2 giant cockroaches
  5 goblins
  5 hobgoblins
  2 jackals (D:1)
  7 bats
  4 frilled lizards
  8 kobolds
  4 rats (D:2)
69 creatures vanquished.

Vanquished Creatures (collateral kills)
  2 dart slugs (D:1)
  A leopard gecko (D:1)
  3 orcs
  4 goblins (D:1)
  A jackal (D:1)
  A bat (D:1)
  A rat (D:2)
13 creatures vanquished.

Grand Total: 82 creatures vanquished

Notes
Turn   | Place    | Note
-------+----------+-------------------------------------------
     0 | D:1      | MalarOregon the Ghoul Necromancer began the quest for the
                  | Orb.
     0 | D:1      | Reached XP level 1. HP: 14/14 MP: 2/2
     2 | D:1      | Learned a level 1 spell: Animate Skeleton
   184 | D:1      | Reached XP level 2. HP: 13/20 MP: 1/3
   532 | D:1      | Reached XP level 3. HP: 24/26 MP: 5/5
   720 | D:1      | Learned a level 3 spell: Vampiric Draining
  1519 | D:3      | Found a stormy altar of Qazlal.
  1669 | D:3      | Noticed Purgy
  1677 | D:3      | Reached XP level 4. HP: 33/33 MP: 0/6
  1694 | D:4      | Noticed a centaur
  2326 | D:3      | Reached XP level 5. HP: 14/38 MP: 0/7
  3283 | D:4      | Learned a level 4 spell: Animate Dead
  3305 | D:4      | Reached XP level 6. HP: 28/45 MP: 2/9
  3429 | D:4      | Reached skill level 5 in Necromancy
  4059 | D:5      | Entered Level 5 of the Dungeon
  4071 | D:5      | Reached XP level 7. HP: 49/49 MP: 10/10
  4132 | D:5      | Found a staircase to the Ecumenical Temple.
  4152 | D:5      | HP: 2/48 [centaur (5)]
  4408 | D:5      | Reached skill level 5 in Stealth
  4430 | D:5      | Killed from afar by an orc priest

Skill      XL: |  1  2  3  4  5  6  7 |
---------------+----------------------+-----
Dodging        | 2 3 |  3.9
Spellcasting   | 2 3 |  3.5
Stealth        | 3 4 5 |  5.0
Necromancy     | 5 |  5.5

Action                   |  1- 3 |  4- 6 |  7- 9 || total
-------------------------+-------+-------+-------++-------
Melee: Unarmed           |   173 |   163 |    74 ||   410
 Cast: Animate Skeleton  |    20 |    14 |       ||    34
       Pain              |     9 |     6 |     5 ||    20
       Vampiric Draining |     2 |    14 |     2 ||    18
       Animate Dead      |       |     1 |     3 ||     4
  Use: Scroll            |    11 |     5 |       ||    16
       Potion            |       |     2 |     3 ||     5
 Stab: Sleeping          |     4 |     1 |     1 ||     6
       Invisible         |       |       |     1 ||     1
  Eat: Chunk             |    15 |    20 |       ||    35
Armor: Robe              |    53 |    40 |    20 ||   113
Dodge: Dodged            |   125 |   129 |    73 ||   327
